 Dungeon Crawl Stone Soup version 0.24.0-7-gb3623d2c88 (webtiles) character file.

Game seed: 5048467613325619587, levelgen mode: deterministic

417 Granthy the Spear-Bearer (level 6, -4/48 HPs)
             Began as a Merfolk Gladiator on Nov 2, 2019.
             Slain by Blork the orc
             ... wielding a +0 glaive
              (9 damage)
             ... on level 5 of the Dungeon.
             The game lasted 00:08:33 (3422 turns).

Granthy the Spear-Bearer (Merfolk Gladiator)        Turns: 3422, Time: 00:08:34

Health: -4/48      AC:  7    Str: 17    XL:     6   Next: 92%
Magic:  6/6        EV: 12    Int:  7    God:
Gold:   132        SH:  0    Dex: 15    Spells: 5/5 levels left

rFire    . . .     SeeInvis .   a - +0 trident
rCold    . . .     Gourm    .   (no shield)
rNeg     . . .     Faith    .   s - +0 scale mail
rPois    .         Spirit   .   c - +0 helmet
rElec    .         Reflect  .   (no cloak)
rCorr    .         Harm     .   (no gloves)
MR       .....                  (no boots)
Stlth    ..........             (no amulet)
HPRegen  0.16/turn              (no ring)
MPRegen  0.10/turn              (no ring)

@: no status effects
A: change form in water, swift swim, stealthy swim
a: no special abilities


You were on level 5 of the Dungeon.
You were near starving.

You visited 1 branch of the dungeon, and saw 5 of its levels.

You collected 132 gold pieces.

Inventory:

Hand Weapons
 a - a +0 trident (weapon)
 u - the +6 mace "Roxzep" {protect, -Tele rElec MP+9 Str+5}
   (You found it on level 6 of the Dungeon)

   It grants its wielder temporary protection when it strikes (+7 to AC).
   It affects your strength (+5).
   It insulates you from electricity.
   It affects your magic capacity (+9).
   It prevents most forms of teleportation.
Missiles
 d - 3 throwing nets (quivered)
 g - 4 boomerangs
 h - 12 poisoned darts
Armour
 b - a +0 leather armour
 c - a +0 helmet (worn)
 s - a +0 scale mail (worn)
Jewellery
 i - a +3 ring of evasion {unknown}
 m - an uncursed amulet of rage {unknown}
Scrolls
 e - 3 scrolls of identify {unknown}
 n - a scroll of remove curse {unknown}
 o - 2 scrolls of teleportation {unknown}
 q - a scroll of magic mapping {unknown}
 t - a scroll of holy word {unknown}
 v - a scroll of fear {unknown}
Potions
 j - 2 potions of might {unknown}
 k - a potion of lignification {unknown}
 l - a potion of magic {unknown}
 p - a potion of heal wounds {unknown}
Comestibles
 f - 2 rations
 r - a chunk of flesh


   Skills:
 + Level 4.0 Fighting
 + Level 8.8 Polearms
 - Level 2.0 Throwing
 - Level 0.2 Armour
 + Level 5.4 Dodging


You had 5 spell levels left.
You didn't know any spells.
Your spell library was empty.

Dungeon Overview and Level Annotations

Branches:
Dungeon (6/15)
 Temple: D:4-7

Altars:
Elyvilon
Gozag
Ru
Uskayaw
Wu Jian
Zin

Annotations:
D:5 Blork the orc


Message History

Press: ? - help, Dir - move target cursor You reach to attack!
You closely miss something. Something hits you!
Attack whom?
Press: ? - help, Dir - move target cursor You reach to attack!
You closely miss something. Something hits you.
Attack whom?
Press: ? - help, Dir - move target cursor You reach to attack!
The centaur shouts!
You hit something.
The centaur shoots an arrow.
The arrow hits you. Something hits you.
You miss something. Something hits you!
* * * LOW HITPOINT WARNING * * *
You barely miss something.
The centaur shoots an arrow.
The arrow hits you.
* * * LOW HITPOINT WARNING * * *
Something hits you.
* * * LOW HITPOINT WARNING * * *
The centaur shoots an arrow.
The arrow barely misses you. Something hits you!
You die...

....##.. ........ #........##
........ #.. #.....######.... ...
.... #.(....#..# #.. .....
#(####.[.######..
.....###..(.......<..#.#
...................)....
........#.#######.......
.....##@..# #####..# .... ##.{#
##### #... ...# #(.###...........
#######..#...####c(.....######...
(...c.......c......##.#..........
######....##.#....(.............#
........#.......###...##
.......>#...###.........
.............##.###....#


You could see a centaur.

Vanquished Creatures
  A bullfrog (D:6)
  A scorpion (D:6)
  A water moccasin skeleton (D:6)
  2 crimson imps (D:6)
  An orc wizard (D:6)
  Jessica (D:2)
  Terence (D:2)
  An iguana (D:6)
  An adder (D:2)
  2 adder zombies
  A worm (D:2)
  A dart slug (D:1)
  3 leopard geckos
  5 orcs
  A ball python (D:1)
  2 bats (D:1)
  4 giant cockroaches
  7 goblins
  A hobgoblin (D:1)
  4 jackals (D:2)
  8 kobolds
  A frilled lizard (D:2)
  A giant cockroach zombie (D:6)
  A leopard gecko zombie (D:5)
  6 rats
58 creatures vanquished.

Notes
Turn   | Place    | Note
-------+----------+-------------------------------------------
     0 | D:1      | Granthy the Merfolk Gladiator began the quest for the Orb.
     0 | D:1      | Reached XP level 1. HP: 16/16 MP: 1/1
   150 | D:1      | Reached skill level 5 in Polearms
   150 | D:1      | Reached XP level 2. HP: 22/22 MP: 2/2
   730 | D:1      | Reached XP level 3. HP: 27/27 MP: 3/3
  1182 | D:2      | Found a white marble altar of Elyvilon.
  1284 | D:2      | Noticed Jessica
  1287 | D:2      | Killed Jessica
  1287 | D:2      | Reached skill level 6 in Polearms
  1287 | D:2      | Reached XP level 4. HP: 32/34 MP: 4/4
  1337 | D:2      | Noticed Terence
  1356 | D:2      | Killed Terence
  1769 | D:2      | You fall into a shaft and drop 2 floors!
  1786 | D:5      | Entered Level 5 of the Dungeon
  1959 | D:5      | Reached XP level 5. HP: 26/40 MP: 5/5
  1959 | D:5      | Noticed Blork the orc
  1963 | D:5      | Noticed a centaur
  2036 | D:6      | Reached skill level 7 in Polearms
  2036 | D:6      | Reached skill level 5 in Dodging
  2622 | D:6      | Reached XP level 6. HP: 30/47 MP: 6/6
  2754 | D:6      | Reached skill level 8 in Polearms
  2764 | D:6      | Found a sacrificial altar of Ru.
  3008 | D:6      | Got an encrusted mace
  3048 | D:6      | Identified the +6 mace "Roxzep" {protect, -Tele rElec MP+9
                  | Str+5} (You found it on level 6 of the Dungeon)
  3285 | D:6      | Found an opulent altar of Gozag.
  3290 | D:6      | Found an ornate altar of the Wu Jian Council.
  3293 | D:6      | Found a hide-covered altar of Uskayaw.
  3296 | D:6      | Found a glowing silver altar of Zin.
  3422 | D:5      | Slain by Blork the orc

Levels and vault maps discovered:
D:1:      lightli_iron_boxes, layout_basic
D:2:      layout_loops_ring, nicolae_overflow_crystal_walls, grunt_ministairs_6,
          uniq_jessica, uniq_terence
D:4:      layout_loops_ring, kennysheep_slug_shrine, minmay_temple_entry_hall,
          portal_sewer_entry_a, hangedman_abyss_or_decor_lesser_grid,
          uniq_crazy_yiuf_cottage
D:5:      layout_rooms, uniq_grinder, uniq_duvessa, uniq_blork_the_orc
D:6:      layout_loops_corners, grunt_temple_overflow_cloverleaf,
          nicolae_ru_awakened_eye, grunt_ministairs_2, kennysheep_generic_room_5

Skill      XL: |  1  2  3  4  5  6 |
---------------+-------------------+-----
Polearms       | 5 6 7 8 |  8.8
Fighting       | 3 4 |  4.0
Dodging        | 5 |  5.4
Throwing       | |  2.0
Armour         | |  0.2

Action                   |  1- 3 |  4- 6 || total
-------------------------+-------+-------++-------
Melee: Trident           |   135 |   185 ||   320
 Stab: Sleeping          |     2 |     1 ||     3
  Eat: Chunk             |     1 |     2 ||     3
       Ration            |       |     1 ||     1
Armor: Leather armour    |    23 |    15 ||    38
       Scale mail        |       |    14 ||    14
Dodge: Dodged            |   101 |   106 ||   207
